 Dungeon Crawl Stone Soup version 0.28-a0-938-gbc3f381ebc (webtiles) character file.

Game seed: 13701557989931402188

2107 Peloso the Carver (level 9, -4/78 HPs)
             Began as a Minotaur Fighter on Nov 28, 2021.
             Was an Elder of Okawaru.
             Slain by a large abomination (23 damage)
             ... on level 2 of the Abyss.
             The game lasted 00:12:23 (6356 turns).

Peloso the Carver (Minotaur Fighter)                Turns: 6356, Time: 00:12:23

Health: -4/78      AC: 20    Str: 23    XL:     9   Next: 7%
Magic:  8/8        EV:  7    Int:  5    God:    Okawaru [****..]
Gold:   372        SH:  5    Dex: 11    Spells: 8/8 levels left

rFire   . . .      SeeInvis .   a - +0 long sword
rCold   . . .      Faith    .   c - +0 buckler
rNeg    . . .      Spirit   .   k - +0 plate armour
rPois   +          Reflect  .   (helmet restricted)
rElec   .          Harm     .   x - +2 cloak {rCorr}
rCorr   +          Rampage  .   (no gloves)
Will    .....                   w - +2 pair of boots
Stlth   ..........              (no amulet)
HPRegen 0.23/turn               u - ring of poison resistance
MPRegen 0.11/turn               (no ring)

@: hasted, very quick
A: horns 2, retaliatory headbutt
a: Renounce Religion, Heroism, Finesse


You were on level 2 of the Abyss.
You worshipped Okawaru.
Okawaru was greatly pleased with you.
You visited 2 branches of the dungeon, and saw 8 of its levels.
You visited the Abyss 1 time.

You collected 372 gold pieces.

Inventory:

Hand Weapons
 a - a +0 long sword (weapon)
Armour
 c - a +0 buckler (worn)
 k - a +0 plate armour (worn)
 w - a +2 pair of boots (worn)
 x - a +2 cloak of preservation (worn)
Jewellery
 n - a ring of fire
 u - a ring of poison resistance (left hand)
Wands
 g - a wand of polymorph (6)
 p - a wand of mindburst (14)
Scrolls
 e - a scroll of enchant armour
 f - 3 scrolls of magic mapping
 h - a scroll of blinking
 j - 3 scrolls of vulnerability {unknown}
 l - a scroll of enchant weapon
 q - 3 scrolls of teleportation {unknown}
 r - 2 scrolls of amnesia
 t - a scroll of summoning {unknown}
 y - a scroll of fear {unknown}
Potions
 b - a potion of flight {unknown}
 d - a potion of heal wounds {unknown}
 i - a potion of lignification {unknown}
 m - a potion of brilliance {unknown}
 o - 3 potions of attraction {unknown}
 v - a potion of curing
 z - a potion of magic {unknown}


   Skills:
 + Level 6.9 Fighting
 + Level 10.0 Long Blades
 + Level 7.3 Armour
 + Level 2.5 Dodging
 + Level 1.9 Stealth
 + Level 5.1 Shields
 + Level 0.6 Unarmed Combat
 + Level 0.1 Invocations


You had 8 spell levels left.
You didn't know any spells.
Your spell library contained the following spells:

 Spells                   Type           Power      Damage    Failure   Level
 Pain                     Necr           0%         1d4       100%        1
 Conjure Flame            Conj/Fire      0%         6-21      100%        3
 Gell's Gravitas          Tloc           0%         N/A       100%        3
 Ignite Poison            Fire/Tmut/Pois 0%         N/A       100%        3
 Lesser Beckoning         Tloc           0%         N/A       100%        3
 Teleport Other           Tloc           0%         N/A       100%        3
 Vampiric Draining        Necr           0%         2d6       100%        3
 Sticky Flame             Conj/Fire      0%         2d3       100%        4
 Animate Skeleton         Necr           Unusable   N/A       N/A         1

Dungeon Overview and Level Annotations

Branches:
Dungeon (7/15)             Temple (1/1) D:4

Altars:
Fedhas
Nemelex Xobeh
Okawaru
Zin

Shops:
D:5 [


Innate Abilities, Weirdness & Mutations

You have a pair of horns on your head.
You reflexively headbutt those who attack you in melee.


Message History

A large abomination is nearby!
You feel yourself speed up.
Your plate armour prevents you from hitting the large abomination.
Your headbutt misses the large abomination.
The large abomination hits you!!
You hit the large abomination but do no damage.
You slash the large abomination!
The large abomination is lightly damaged.
The large abomination hits you!
You hit the large abomination.
You headbutt the large abomination, but do no damage.
The large abomination is moderately damaged.
You slash the large abomination!
You headbutt the large abomination, but do no damage.
The large abomination is heavily damaged.
You hit the large abomination but do no damage.
You headbutt the large abomination, but do no damage.
The large abomination is heavily damaged.
The large abomination hits you!!
* * * LOW HITPOINT WARNING * * *
You barely miss the large abomination. You headbutt the large abomination.
The large abomination is heavily damaged.
You slash the large abomination!
Your headbutt misses the large abomination.
The large abomination is severely damaged.
The large abomination hits you.
* * * LOW HITPOINT WARNING * * *
You barely miss the large abomination.
The large abomination is severely damaged.
You slash the large abomination! You headbutt the large abomination.
The large abomination is almost destroyed.
The large abomination hits you.
* * * LOW HITPOINT WARNING * * *
You barely miss the large abomination.
You headbutt the large abomination, but do no damage.
The large abomination is almost destroyed.
You barely miss the large abomination.
The large abomination is almost destroyed.
The large abomination hits you!!
You die...

.### # .##.
#.##.. ....... #
. ##.#.#####. #
##..... ...
..#.#..........
.....#)..#..#.
..........##..
###....#@##.#
.........X......
###.....##..####
...###. ..# #.##
.. .# . #.# ..
#. .. .. ...


You could see a large abomination.

Vanquished Creatures
  A wraith (D:5)
  Menkaure (D:5)
  Edmund (D:6)
  A water moccasin (D:7)
  4 orc warriors
  A black bear (D:6)
  An ogre (D:6)
  A necrophage (D:5)
  A bullfrog (D:7)
  3 scorpions
  A bullfrog zombie (D:6)
  2 hounds
  A gnoll shaman (D:5)
  3 orc priests (D:6)
  3 iguanas (D:5)
  Ijyb (D:3)
  6 orc wizards
  Natasha (D:4)
  A hound zombie (D:5)
  A howler monkey skeleton (D:5)
  10 adders
  An adder skeleton (D:5)
  15 orcs
  8 endoplasms
  4 giant cockroaches
  4 goblins
  7 hobgoblins
  6 jackals
  3 kobolds
  7 quokkas
  3 ball pythons
  8 bats
  5 frilled lizards
  6 rats
122 creatures vanquished.

Vanquished Creatures (others)
  An orc wizard (D:6)
  An orc (D:7)
2 creatures vanquished.

Grand Total: 124 creatures vanquished

Notes
Turn   | Place    | Note
-------+----------+-------------------------------------------
     0 | D:1      | Peloso the Minotaur Fighter began the quest for the Orb.
     0 | D:1      | Reached XP level 1. HP: 19/19 MP: 0/0
   318 | D:1      | Reached XP level 2. HP: 27/27 MP: 1/1
   954 | D:2      | Reached skill level 3 in Long Blades
  1101 | D:2      | Reached XP level 3. HP: 30/33 MP: 2/2
  1484 | D:2      | Found a faded altar of an unknown god.
  1530 | D:2      | Reached skill level 1 in Dodging
  1992 | D:3      | Reached XP level 4. HP: 16/40 MP: 3/3
  2259 | D:3      | Noticed Ijyb
  2276 | D:3      | Killed Ijyb
  3053 | D:4      | Found a staircase to the Ecumenical Temple.
  3059 | Temple   | Entered the Ecumenical Temple
  3065 | Temple   | Became a worshipper of Warmaster Okawaru
  3116 | D:4      | Reached skill level 1 in Stealth
  3116 | D:4      | Reached XP level 5. HP: 41/47 MP: 4/4
  3175 | D:4      | Reached skill level 4 in Long Blades
  3253 | D:4      | Found Bayt's Armour Boutique.
  3495 | D:4      | Noticed Natasha
  3500 | D:4      | Killed Natasha
  3530 | D:4      | Reached skill level 5 in Long Blades
  3530 | D:4      | Reached XP level 6. HP: 53/53 MP: 5/5
  3908 | D:5      | Entered Level 5 of the Dungeon
  3926 | D:5      | Reached * piety under Okawaru
  3927 | D:5      | Reached skill level 5 in Armour
  3984 | D:5      | Found Wiull's Antique Armour Boutique.
  4203 | D:5      | Reached skill level 6 in Long Blades
  4203 | D:5      | Noticed Menkaure
  4211 | D:5      | Killed Menkaure
  4212 | D:5      | Reached XP level 7. HP: 51/60 MP: 6/6
  4273 | D:5      | Reached ** piety under Okawaru
  4514 | D:5      | Noticed a wraith
  4534 | D:5      | Killed a wraith
  4535 | D:5      | Reached skill level 5 in Fighting
  4535 | D:5      | Reached skill level 7 in Long Blades
  4684 | D:5      | Reached XP level 8. HP: 40/68 MP: 7/7
  5094 | D:6      | Noticed Edmund
  5105 | D:6      | Reached *** piety under Okawaru
  5106 | D:6      | Reached skill level 8 in Long Blades
  5133 | D:6      | Killed Edmund
  5262 | D:6      | Reached skill level 9 in Long Blades
  5262 | D:6      | Reached skill level 5 in Shields
  6266 | D:7      | Reached **** piety under Okawaru
  6266 | D:7      | Received a gift from Okawaru
  6267 | D:7      | Reached XP level 9. HP: 72/78 MP: 8/8
  6270 | D:7      | Reached skill level 10 in Long Blades
  6293 | D:7      | Noticed a wizard
  6295 | D:7      | Cast into level 2 of the Abyss (a wizard)
  6356 | Abyss:2  | Slain by a large abomination

Illustrated notes

Levels and vault maps discovered:
D:1:      dpeg_arrival_rhombi, layout_basic
D:2:      layout_loops_corners, shapermc_ecumenical_altar_acropolis,
          kennysheep_cross_bottleneck, kennysheep_generic_room_3
D:3:      layout_rooms, minmay_fountain_box, uniq_ijyb
D:4:      layout_gridville, minmay_temple_entry_grid, serial_shops,
          nicolae_shop_advertising_works [nicolae_subvault_shop_adworks],
          minmay_bent, uniq_natasha
D:5:      layout_loops_ring, serial_shops, shop, wad_rectangle_vault,
          uniq_menkaure
D:6:      layout_rooms, uniq_edmund
D:7:      cheibrodos_wizards_tower, layout_loops_ring, serial_bayou_pond_b
Temple:   nicolae_temple_the_god_donut
Abyss:2:  base:
D:6

Skill      XL: |  1  2  3  4  5  6  7  8  9 |
---------------+----------------------------+-----
Fighting       | 4 5 6 |  6.9
Long Blades    | 3 5 6 7 9 10 | 10.0
Shields        | 4 5 |  5.1
Armour         | 4 5 6 7 |  7.3
Dodging        | 1 2 |  2.5
Stealth        | 1 |  1.9
Unarmed Combat | |  0.6
Invocations    | |  0.1

Action                   |  1- 3 |  4- 6 |  7- 9 || total
-------------------------+-------+-------+-------++-------
Melee: Long sword        |    82 |   102 |   198 ||   382
       Headbutt          |     9 |    14 |    44 ||    67
       Unarmed           |       |     5 |       ||     5
Invok: Heroism           |       |       |     1 ||     1
  Use: Potion            |       |     1 |     4 ||     5
       Scroll            |       |       |     5 ||     5
 Stab: Confused          |       |     2 |       ||     2
Armor: Scale mail        |    48 |       |       ||    48
       Chain mail        |     6 |    50 |    32 ||    88
       Plate armour      |       |       |    72 ||    72
Dodge: Dodged            |    36 |    37 |    58 ||   131
Block: Buckler           |    21 |    17 |    39 ||    77

Table legend: (Time is in decaauts)
 A = Elapsed time spent in this place.
 B = Non-inter-level travel time spent in this place.
 C = Inter-level travel time spent in this place.
 D = Time resting spent in this place.
 E = Time spent auto-exploring this place.
 F = Levels seen in this place.
 G = Mean time per level.
                   A        B        C        D        E       F      G
               +--------+--------+--------+--------+--------+-----+--------+
         Total |   6385 |   6155 |    230 |    343 |   4599 |   9 |  709.4 |
       Dungeon |   6316 |   6086 |    230 |    343 |   4561 |   7 |  902.3 |
        Temple |     12 |     12 |      0 |      0 |      0 |   1 |   12.0 |
         Abyss |     56 |     56 |      0 |      0 |     38 |   1 |   56.0 |
               +--------+--------+--------+--------+--------+-----+--------+

Top non-repeatable levels by time:
     D:5: 1520 daAuts
     D:2: 1145 daAuts
     D:3: 1012 daAuts
     D:4: 962 daAuts
     D:1: 854 daAuts
     D:6: 719 daAuts
     D:7: 101 daAuts
 Abyss:2: 56 daAuts
  Temple: 12 daAuts
